 Dungeon Crawl Stone Soup version 0.28.0-45-g0d030f2227 (webtiles) character file.

Game seed: 7766868992099726456

701 jimonade the Covert (level 7, 0/41 HPs)
             Began as a Kobold Brigand on Apr 6, 2022.
             Was an Initiate of Dithmenos.
             Succumbed to a killer bee's poison
             ... on level 5 of the Dungeon.
             The game lasted 00:17:30 (5717 turns).

jimonade the Covert (Kobold Brigand)                Turns: 5717, Time: 00:17:30

Health: 0/41       AC:  5    Str: 10    XL:     7   Next: 98%
Magic:  7/7        EV: 15    Int: 13    God:    Dithmenos [......]
Gold:   279        SH:  0    Dex: 22    Spells: 6/6 levels left

rFire   . . .      SeeInvis .   a - +2 dagger
rCold   + . .      Faith    .   (no shield)
rNeg    . . .      Spirit   .   b - +0 robe
rPois   .          Reflect  .   (no helmet)
rElec   .          Harm     .   c - +1 cloak
rCorr   .          Rampage  .   (no gloves)
Will    .....                   C - +0 pair of boots
Stlth   ++++++....              (no amulet)
HPRegen 0.13/turn               j - +6 ring of dexterity
MPRegen 0.10/turn               u - ring of protection from cold

@: lethally poisoned (0 -> -11)
A: small, no large weapons, nightstalker 3
a: Renounce Religion


You were on level 5 of the Dungeon.
You worshipped Dithmenos.
Dithmenos was noncommittal.
You visited 1 branch of the dungeon, and saw 5 of its levels.

You collected 279 gold pieces.

Inventory:

Hand Weapons
 a - a +2 dagger (weapon)
 k - a +0 spear
 x - a +0 dagger of holy wrath
 B - a +1 hunting sling of freezing
Missiles
 d - 8 poisoned darts
 e - 2 curare-tipped darts
 p - 17 sling bullets
 r - 6 boomerangs (quivered)
 t - 37 bolts
 v - 42 arrows
 A - 63 stones
Armour
 b - a +0 robe (worn)
 c - a +1 cloak (worn)
 f - a +0 ring mail
 l - a +0 leather armour
 w - a +0 tower shield
 C - a +0 pair of boots (worn)
 D - a +0 chain mail
Jewellery
 j - a +6 ring of dexterity (left hand)
 u - a ring of protection from cold (right hand)
Scrolls
 g - a scroll of torment
 h - a scroll of identify {unknown}
 i - a scroll of enchant armour
 q - a scroll of fear {unknown}
 s - 3 scrolls of teleportation
 F - 2 scrolls of fog {unknown}
 H - a scroll of blinking {unknown}
Potions
 m - a potion of lignification {unknown}
 n - a potion of brilliance {unknown}
 o - a potion of haste {unknown}
 z - a potion of flight {unknown}
 E - 3 potions of curing {unknown}
 G - a potion of heal wounds {unknown}


   Skills:
 * Level 3.2 Fighting
 + Level 4.5 Short Blades
 * Level 3.7 Throwing
 + Level 2.0 Dodging
 * Level 10.7 Stealth


You had 6 spell levels left.
You didn't know any spells.
Your spell library contained the following spells:

 Spells                   Type           Power      Damage    Failure   Level
 Beastly Appendage        Tmut           0%         N/A       30%         1
 Summon Guardian Golem    Hex/Summ       0%         N/A       67%         3
 Spellforged Servitor     Conj/Summ      0%         N/A       100%        7
 Summon Horrible Things   Summ           0%         N/A       100%        8


Dungeon Overview and Level Annotations

Branches:
Dungeon (5/15)             Temple (0/1) D:5

Altars:
Dithmenos
Fedhas
Nemelex Xobeh
Sif Muna

Shops:
D:1 ?   D:3 *   D:5 **


Innate Abilities, Weirdness & Mutations

You are small and have problems with some larger weapons.
You are completely attuned to the shadows.


Message History

The killer bee is almost dead.
The killer bee closely misses you.
You miss the killer bee.
The killer bee is almost dead.
The killer bee closely misses you. The killer bee completely misses you.
You aren't carrying any items that you can evoke.
Unknown command.
Unknown command.
You aren't carrying any items that you can evoke.
Unknown command.
Unknown command.
Unknown command.
Unknown command.
You miss the killer bee.
The killer bee is almost dead.
The killer bee closely misses you. The killer bee stings you.
* * * LOW HITPOINT WARNING * * *
You are poisoned.
The killer bee poisons you!
You closely miss the killer bee.
The killer bee is almost dead.
* * * LOW HITPOINT WARNING * * *
You feel sick.
The killer bee stings you but does no damage.
You hit the killer bee.
The killer bee is almost dead.
* * * LOW HITPOINT WARNING * * *
You feel sick. The killer bee stings you.
* * * LOW HITPOINT WARNING * * *
You are more poisoned.
The killer bee poisons you! The killer bee misses you.
Unknown command.
You hit the killer bee.
You kill the killer bee!
Dithmenos accepts your kill.
* * * LOW HITPOINT WARNING * * *
You feel sick. The killer bee closely misses you.
You hit the killer bee but do no damage.
The killer bee is severely wounded.
You die...

.#.#...... .#.#.#####
.. #.#.## #### #..# ...
#..# ######..#########
.......#........#
##.#####........#####
................@y...
................#####
................#
................#
................#
................#######
##.##########.........#
#.# ......########.#
#.#. #####.# #.#


You could see a killer bee.

Vanquished Creatures
  A black bear (D:5)
  A necrophage (D:5)
  An ogre (D:4)
  A scorpion (D:4)
  A water moccasin skeleton (D:5)
  2 killer bees (D:5)
  A hound (D:2)
  An orc wizard (D:3)
  A howler monkey zombie (D:4)
  10 adders
  A white imp (D:5)
  A worm (D:2)
  An adder skeleton (D:4)
  3 dart slugs
  5 orcs
  6 endoplasms
  3 goblins
  7 hobgoblins
  4 quokkas
  6 ball pythons
  5 bats
  4 frilled lizards
  2 giant cockroaches
  6 kobolds
  6 rats
80 creatures vanquished.

Notes
Turn   | Place    | Note
-------+----------+-------------------------------------------
     0 | D:1      | jimonade the Kobold Brigand began the quest for the Orb.
     0 | D:1      | Reached XP level 1. HP: 12/12 MP: 1/1
   158 | D:1      | Reached XP level 2. HP: 17/17 MP: 2/2
   185 | D:1      | Reached skill level 6 in Stealth
   267 | D:1      | Found Wammy's Magic Scroll Shop.
   765 | D:2      | Reached XP level 3. HP: 15/21 MP: 3/3
  1058 | D:2      | Got the Disquisition on the Entourage and Changing
  1108 | D:2      | Reached skill level 7 in Stealth
  1344 | D:2      | Reached XP level 4. HP: 26/26 MP: 4/4
  1999 | D:2      | Reached XP level 5. HP: 13/31 MP: 5/5
  2575 | D:3      | Found a shadowy altar of Dithmenos.
  2579 | D:3      | Became a worshipper of Dithmenos the Shadowed
  2583 | D:3      | Found a shimmering blue altar of Sif Muna.
  2590 | D:3      | Found a blossoming altar of Fedhas.
  2831 | D:3      | Found Polakesm's General Store.
  3300 | D:3      | Found a sparkling altar of Nemelex Xobeh.
  3547 | D:3      | Reached skill level 8 in Stealth
  3810 | D:4      | Noticed a phantom
  3889 | D:4      | Reached XP level 6. HP: 36/36 MP: 6/6
  4260 | D:4      | Noticed an ogre
  4264 | D:4      | Killed an ogre
  4265 | D:4      | Reached skill level 9 in Stealth
  4265 | D:4      | Reached XP level 7. HP: 40/40 MP: 7/7
  4382 | D:5      | Entered Level 5 of the Dungeon
  4382 | D:5      | Found Myisesirr's General Store.
  4577 | D:5      | Found Rexa's Assorted Antiques.
  4988 | D:5      | Reached skill level 10 in Stealth
  5318 | D:5      | Found a staircase to the Ecumenical Temple.
  5716 | D:5      | HP: 2/41 [poisoned by a killer bee]
  5717 | D:5      | Succumbed to a killer bee's poison

Illustrated notes

Levels and vault maps discovered:
D:1:      nzn_arrival_settlement, layout_loops_ring, serial_shops, shop
D:2:      layout_rooms, chequers_serial_rivers_small_b
D:3:      layout_loops_corners, grunt_temple_overflow_diamond,
          nemelex_spade_bored_becter, serial_shops, shop
D:4:      layout_loops_ring
D:5:      layout_basic, minmay_temple_entry_statues_fountains, serial_shops,
          shop, nicolae_inconvenience_store, shop

Skill      XL: |  1  2  3  4  5  6  7 |
---------------+----------------------+-----
Stealth        | 6 7 8 9 10 | 10.7
Short Blades   | 3 4 |  4.5
Throwing       | 3 |  3.7
Fighting       | 3 |  3.2
Dodging        | 2 |  2.0

Action                   |  1- 3 |  4- 6 |  7- 9 || total
-------------------------+-------+-------+-------++-------
Melee: Dagger            |    68 |   133 |    33 ||   234
       Punch             |       |       |     1 ||     1
Throw: Dart              |     9 |       |       ||     9
       Boomerang         |       |     3 |       ||     3
Evoke: Wand              |       |       |     1 ||     1
  Use: Scroll            |       |       |     3 ||     3
 Stab: Sleeping          |    16 |    26 |     5 ||    47
       Distracted        |       |       |     1 ||     1
Armor: Robe              |    13 |    14 |     4 ||    31
Dodge: Dodged            |    39 |    54 |    24 ||   117
